 Dungeon Crawl Stone Soup version 0.29.1-13-g9f3cf754e1 (webtiles) character file.

Game seed: 5543776016677216207

1325316 nightchill the Conqueror (level 25, 257/257 HPs)
             Began as a Minotaur Fighter on Jan 27, 2023.
             Was a Priest of Zin.
             Escaped with the Orb
             ... and 3 runes on Feb 1, 2023!
             The game lasted 06:15:05 (115582 turns).

nightchill the Conqueror (Minotaur Fighter)       Turns: 115582, Time: 06:15:06

Health: 257/257    AC: 41    Str: 30      XL:     25   Next: 86%
Magic:  39/39      EV:  7    Int:  2 (5)  God:    Zin [***...]
Gold:   3829       SH: 29    Dex: 11 (14) Spells: 24/24 levels left

rFire   + . .      SeeInvis +   a - +9 broad axe (elec)
rCold   + + .      Faith    +   I - +8 tower shield {AC+3}
rNeg    + . .      Spirit   .   X - +5 gold dragon scales
rPois   +          Reflect  .   p - +3 crown of Dyrovepreva {rElec Int+2 SInv}
rElec   +          Harm     .   h - +2 cloak {Will+}
rCorr   .          Rampage  .   T - +1 pair of gloves {Dex+3}
Will    ++...                   y - +0 pair of boots {Fly}
Stlth   ..........              Z - amulet of faith
HPRegen 0.52/turn               i - ring of protection from cold
MPRegen 0.26/turn               W - ring of positive energy

@: flying
A: horns 2, retaliatory headbutt, clumsy 1, dopey 1
0: Orb of Zot
}: 3/15 runes: decaying, serpentine, silver
a: Renounce Religion, Recite, Vitalisation, Imprison, Donate Gold


You escaped.
You worshipped Zin.
Zin was most pleased with you.
You visited 11 branches of the dungeon, and saw 50 of its levels.
You visited the Abyss 1 time.

You collected 9582 gold pieces.
You spent 5074 gold pieces at shops.
You donated 679 gold pieces to Zin.

Inventory:

Hand Weapons
 a - a +9 broad axe of electrocution (weapon)
 b - the +4 broad axe "Lios" {freeze, Will+ Int+3 SInv}
   (You bought it in a shop on level 9 of the Dungeon)

   It freezes those it strikes, dealing additional cold damage.
   It can also slow down cold-blooded creatures.
   Int:       It affects your intelligence (+3).
   SInv:      It lets you see invisible.
   Will:      It increases your willpower.
 w - a +8 antimagic war axe
Missiles
 m - 12 silver javelins (quivered)
 E - 3 curare-tipped darts
 N - 6 boomerangs of dispersal
 O - 12 throwing nets
Armour
 h - a +2 cloak of willpower (worn)
 p - the +3 crown of Dyrovepreva (worn) {rElec Int+2 SInv}
   (You found it on level 3 of the Lair of Beasts)

   Int:       It affects your intelligence (+2).
   rElec:     It insulates you from electricity.
   SInv:      It lets you see invisible.
 y - a +0 pair of boots of flying (worn)
 I - a +8 tower shield of protection (worn)
 T - a +1 pair of gloves of dexterity (worn)
 X - +5 gold dragon scales (worn)
Jewellery
 i - a ring of protection from cold (left hand)
 s - a ring of protection from fire
 M - a ring of resist corrosion
 V - a ring of protection from cold
 W - a ring of positive energy (right hand)
 Z - an amulet of faith (around neck)
Wands
 x - a wand of mindburst (32)
 D - a wand of roots (32)
 H - a wand of charming (37)
 K - a wand of digging (4)
 Y - a wand of acid (26)
Scrolls
 e - 21 scrolls of teleportation
 g - 8 scrolls of vulnerability
 o - a scroll of magic mapping
 r - 4 scrolls of summoning
 u - 11 scrolls of poison
 z - 2 scrolls of silence
 F - 10 scrolls of fog
 G - 15 scrolls of fear
 L - 9 scrolls of immolation
 P - 4 scrolls of blinking
 R - 7 scrolls of noise
Potions
 c - a potion of cancellation
 f - 8 potions of heal wounds
 j - 2 potions of might
 k - 2 potions of flight
 l - 2 potions of resistance
 q - 5 potions of magic
 v - 11 potions of curing
 A - 14 potions of attraction
 B - a potion of ambrosia
 J - 3 potions of berserk rage
 Q - 5 potions of mutation
 S - 6 potions of haste
 U - 2 potions of invisibility
Miscellaneous
 d - a lightning rod (4/4)
 n - a phial of floods
 t - a tin of tremorstones (2/2)
 C - a phantom mirror


   Skills:
 O Level 27 Fighting
 - Level 16.0 Axes
 + Level 18.8 Armour
 - Level 4.2 Dodging
 - Level 22.0 Shields
 * Level 26.6 Invocations
 - Level 15.0 Evocations


You had 24 spell levels left.
You didn't know any spells.
Your spell library contained the following spells:

 Spells                   Type           Power      Damage    Failure   Level
 Apportation              Tloc           0%         N/A       100%        1
 Necrotise                Necr           0%         1d4       100%        1
 Shock                    Conj/Air       0%         1d3       100%        1
 Slow                     Hex            0%         N/A       100%        1
 Sting                    Tmut/Pois      0%         1d3       100%        1
 Summon Small Mammal      Summ           0%         N/A       100%        1
 Blink                    Tloc           0%         N/A       100%        2
 Poisonous Vapours        Pois/Air       0%         N/A       100%        2
 Scorch                   Fire           0%         2d5       100%        2
 Static Discharge         Conj/Air       0%         3-3/arc   100%        2
 Confusing Touch          Hex            0%         N/A       100%        3
 Dazzling Flash           Conj/Hex       0%         N/A       100%        3
 Gell's Gravitas          Tloc           0%         N/A       100%        3
 Ignite Poison            Fire/Tmut/Pois 0%         N/A       100%        3
 Mephitic Cloud           Conj/Pois/Air  0%         N/A       100%        3
 Ozocubu's Armour         Ice            0%         N/A       100%        3
 Swiftness                Air            0%         N/A       100%        3
 Teleport Other           Tloc           0%         N/A       100%        3
 Vampiric Draining        Necr           0%         2d6       100%        3
 Airstrike                Air            0%         2d(0-16)  100%        4
 Anguish                  Hex/Necr       0%         N/A       100%        4
 Animate Armour           Summ/Erth      0%         N/A       100%        4
 Corpse Rot               Necr/Pois/Air  0%         N/A       100%        4
 Dispel Undead            Necr           0%         3d6       100%        4
 Flame Wave               Conj/Fire      0%         2d4       100%        4
 Fulminant Prism          Conj/Hex       0%         3d6       100%        4
 Iskenderun's Mystic Bla  Conj/Tloc      0%         2d3       100%        4
 Leda's Liquefaction      Hex/Erth       0%         N/A       100%        4
 Olgreb's Toxic Radiance  Pois           0%         N/A       100%        4
 Petrify                  Tmut/Erth      0%         N/A       100%        4
 Sticky Flame             Conj/Fire      0%         2d3       100%        4
 Summon Ice Beast         Ice/Summ       0%         N/A       100%        4
 Summon Lightning Spire   Summ/Air       0%         N/A       100%        4
 Agony                    Necr           0%         N/A       100%        5
 Alistair's Intoxication  Tmut/Pois      0%         N/A       100%        5
 Blade Hands              Tmut           0%         N/A       100%        5
 Borgnjor's Vile Clutch   Necr/Erth      0%         N/A       100%        5
 Freezing Cloud           Conj/Ice/Air   0%         6-21      100%        5
 Lee's Rapid Deconstruct  Erth           0%         3d5*      100%        5
 Lightning Bolt           Conj/Air       0%         1d11      100%        5
 Manifold Assault         Tloc           0%         N/A       100%        5
 Metabolic Englaciation   Hex/Ice        0%         N/A       100%        5
 Silence                  Hex/Air        0%         N/A       100%        5
 Summon Mana Viper        Hex/Summ       0%         N/A       100%        5
 Conjure Ball Lightning   Conj/Air       0%         3x3d6     100%        6
 Dispersal                Tloc           0%         N/A       100%        6
 Eringya's Noxious Bog    Tmut/Pois      0%         N/A       100%        6
 Iron Shot                Conj/Erth      0%         9d1       100%        6
 Starburst                Conj/Fire      0%         6d3       100%        6
 Statue Form              Tmut/Erth      0%         N/A       100%        6
 Summon Cactus Giant      Summ           0%         N/A       100%        6
 Monstrous Menagerie      Summ           0%         N/A       100%        7
 Orb of Destruction       Conj           0%         9d5       100%        7
 Ozocubu's Refrigeration  Ice            0%         4d7       100%        7
 Spellforged Servitor     Conj/Summ      0%         N/A       100%        7
 Storm Form               Tmut/Air       0%         N/A       100%        7
 Discord                  Hex            0%         N/A       100%        8
 Lehudib's Crystal Spear  Conj/Erth      0%         10d2      100%        8


Dungeon Overview and Level Annotations

Branches:
Dungeon (15/15)            Temple (1/1) D:6            Lair (5/5) D:9
  Swamp (4/4) Lair:2        Snake (4/4) Lair:2        Slime (0/5) Lair:5
    Orc (2/2) D:9             Elf (3/3) Orc:2        Vaults (5/5) D:14
  Crypt (2/3) Vaults:2     Depths (4/4) D:15            Zot (5/5) Depths:4

Altars:
Dithmenos
Elyvilon
Fedhas
Gozag
Hepliaklqana
Kikubaaqudgha
Makhleb
Nemelex Xobeh
Okawaru
Qazlal
Ru
Sif Muna
Uskayaw
Vehumet
Xom
Yredelemnul
Zin
The Shining One
Jiyva

Shops:
D:5 !   D:9 [[?*(   D:10 (![   Orc:2 (*:[   Elf:2 [(*!   Snake:2 :   Snake:3 *
Vaults:1 :   Vaults:2 (   Vaults:4 (   Vaults:5 =   Depths:1 *[(*?   Depths:2 *

Portals:
Hell: Depths:1 Depths:2 Depths:3 Depths:4
Abyss: Depths:3 Depths:4
Pandemonium: Depths:1 Depths:2 Depths:3
Ziggurat: Depths:4

Annotations:
D:2 exclusion: downstairs
D:3 exclusions: downstairs and upstairs
D:5 exclusion: downstairs
D:7 exclusion: 2 downstairs
D:14 exclusion: 2 downstairs
D:15 !nasty
Lair:3 exclusion: downstairs
Lair:5 !be careful
Swamp:1 1 runed translucent door - HAT AND VANE, exclusions: door and downstairs, Ychix's ghost, journeyman GnSk
Swamp:2 all stairs lead to trap
Snake:2 exclusion: downstairs
Snake:3 exclusion: downstairs
Orc:1 exclusion: 2 downstairs
Orc:2 exclusion: door
Vaults:1 1 exclusion
Vaults:3 exclusion: downstairs
Vaults:5 CAREFUL, 1 exclusion
Crypt:1 1 transporter !royal mummies, not worth it, exclusion: downstairs
Depths:1 exclusions: door and 2 downstairs
Depths:2 !liches etc go sloooow, exclusions: downstairs and 2 more exclusions
Depths:3 exclusion: downstairs
Depths:4 !hard hitt, exclusions: door, downstairs, 2 floating eyes and 2 more exclusions
Zot:2 exclusion: downstairs
Zot:5 1 exclusion


Innate Abilities, Weirdness & Mutations

You have a pair of horns on your head.
You reflexively headbutt those who attack you in melee.
You are clumsy. (Dex -2)
You are dopey. (Int -2)


Message History

You fly upwards.
There is a stone staircase leading down here.
A ynoxinul comes into view.
The ynoxinul gestures at you. You block the iron shot.
The ynoxinul gestures.
The ynoxinul gestures.
There is an open door here.
The ynoxinul gestures.
You reach down and close the door.
An ufetubus breaks down the door.
You block the ufetubus's attack. x2
The ufetubus attacks as you move away! You block the ufetubus's attack. x2
The ufetubus barely misses you. You furiously retaliate!
You headbutt the ufetubus!!
You kill the ufetubus!
The ufetubus disappears in a puff of smoke!
The ufetubus attacks as you move away! You block the ufetubus's attack. x2
The ufetubus hits you but does no damage.
You block the ufetubus's attack. The ufetubus attacks as you move away!
You block the ufetubus's attack. x2
The ufetubus hits you but does no damage.
The ufetubus closely misses you.
The ufetubus hits you but does no damage.
You block the ufetubus's attack. The ufetubus attacks as you move away!
You block the ufetubus's attack. x2
The ufetubus attacks as you move away!
The ufetubus hits you but does no damage.
You block the ufetubus's attack. The ufetubus closely misses you.
You furiously retaliate!
You headbutt the ufetubus, but do no damage.
You block the ufetubus's attack. You block the ufetubus's attack.
The ufetubus hits you but does no damage.
You block the ufetubus's attack.
The ufetubus hits you but does no damage.
There is a staircase leading out of the dungeon here.
You block the ufetubus's attack. x3
The ufetubus hits you but does no damage. x3
You have escaped!

##### ######5@.######
###.....5555....###
###........55.......####
#.'...[.............+..#
#.#.................##.#
#.###.............####.#
##.# ###.........### #.#
#..# ###....3### #.#
#####.##
###........ยง### #.#####


You could see a ynoxinul and 7 ufetubi.

Vanquished Creatures
  An ancient lich (Zot:5)
  2 dread liches (Zot:5)
  Mara (Swamp:4)
  5 orbs of fire
  4 juggernauts
  9 Killer Klowns
  Vashnia (Snake:4)
  Margery (Vaults:5)
  5 golden dragons
  Nikola (Swamp:1)
  2 bone dragons
  2 profane servitors
  A pandemonium lord (D:15)
  A pearl dragon (Abyss:4)
  A Tzitzimitl (Depths:4)
  Jorgrun (Swamp:2)
  2 electric golems
  10 tentacled monstrosities
  27 Orb Guardians
  5 liches
  2 titans (Vaults:5)
  Mlioglotl (Swamp:1)
  A deep elf blademaster (Elf:3)
  2 deep elf master archers (Elf:3)
  6 quicksilver dragons
  A walking divine tome (Depths:2)
  2 sphinxes (Vaults:4)
  A walking frostbound tome (Depths:3)
  An ancient champion (Depths:1)
  7 death cobs
  Kirke (D:12)
  A thorn hunter (Swamp:4)
  7 storm dragons
  8 shadow dragons
  2 draconian knights
  6 tengu reavers
  7 nagarajas
  A daeva (Depths:4)
  An azure jelly (Lair:4)
  3 draconian monks
  4 orc warlords
  6 fire giants
  A balrug (Depths:3)
  2 iron dragons
  6 frost giants
  Aizul (Vaults:1)
  A draconian scorcher (Depths:4)
  Louise (Swamp:3)
  7 deep elf sorcerers
  A curse skull (Crypt:1)
  A juggernaut zombie (Depths:2)
  3 deep elf elementalists (Elf:3)
  A cacodemon (Abyss:4)
  25 vault wardens
  4 ghouls
  18 ironbound preservers
  A draconian annihilator (Zot:5)
  A draconian shifter (Zot:1)
  13 stone giants
  A caustic shrike skeleton (Crypt:2)
  4 war gargoyles
  16 very ugly things
  A reaper (Depths:3)
  4 vampire knights
  12 ironbound thunderhulks
  3 eleionomae
  5 deep elf demonologists
  8 deep elf annihilators
  3 entropy weavers
  4 green draconians
  Azrael (D:15)
  3 black draconians
  A lorocyproca (Abyss:4)
  A spark wasp (Depths:1)
  7 white draconians
  7 dire elephants
  5 red draconians
  3 bunyips
  4 yellow draconians
  11 ettins
  A blizzard demon (Abyss:4)
  A crystal guardian (Vaults:3)
  A merfolk javelineer (Depths:2)
  The ghost of Sapher the Grappler, a journeyman TrIE of Kikubaaqudgha (Orc:2)
  An eidolon (Crypt:1)
  5 fire dragons
  5 deep elf death magi
  Josephine (D:14)
  2 pearl dragon zombies (Crypt:1)
  10 deep elf high priests
  A shambling mangrove (Swamp:4)
  16 yaktaur captains
  6 jiangshi
  6 salamander tyrants
  37 vault guards
  8 hydras
  2 rakshasas
  2 spriggan zombies (Crypt:1)
  3 peacekeepers
  A hydra (shapeshifter) (Depths:4)
  6 catoblepae
  3 boulder beetles
  7 ice dragons
  11 centaur warriors
  7 great orbs of eyes
  5 ghost crabs
  2 hell beasts
  An ogre mage (Vaults:5)
  15 ironbound frosthearts
  5 anacondas
  2 spriggan air magi
  2 death knights (Crypt:1)
  13 naga warriors
  14 two-headed ogres
  32 dancing weapons
  2 deep troll shamans (Depths:1)
  6 alligators
  11 hell hogs
  7 death yaks (Lair:5)
  4 deep troll earth magi
  4 tengu warriors
  19 naga sharpshooters
  2 thrashing horrors (Abyss:3)
  An orc high priest (Orc:2)
  4 vampire magi
  7 spriggan berserkers
  5 sun demons
  Nergalle (D:12)
  2 wretched stars (Abyss:4)
  4 soul eaters
  6 hell knights
  A shadow wraith (Crypt:2)
  5 shock serpents
  2 sixfirhies
  10 deep elf knights
  An anaconda zombie (Crypt:1)
  A titan skeleton (Depths:1)
  A spark wasp zombie (Depths:1)
  9 skeletal warriors
  A storm dragon skeleton (Depths:2)
  3 iron trolls (Depths:2)
  5 naga ritualists
  A death drake (Swamp:4)
  50 deep trolls
  A ghost moth zombie (Crypt:1)
  3 glowing orange brains
  14 salamander mystics
  10 bog bodies
  3 flayed ghosts
  3 spriggan druids
  2 goliath frogs
  4 deep elf archers
  A quicksilver dragon simulacrum (Depths:1)
  4 swamp dragons
  An obsidian statue (Vaults:4)
  26 deep elf zephyrmancers
  3 spectral hydras (Swamp:4)
  11 wizards
  7 necromancers
  A shadow dragon zombie (Vaults:4)
  12 phantasmal warriors
  22 deep elf pyromancers
  15 orc knights
  7 mana vipers
  A goliath frog zombie (Crypt:2)
  16 ironbound convokers
  6 cyclopes
  6 orc sorcerers
  A shining eye (Depths:4)
  52 ugly things
  29 salamanders
  4 manticores
  4 will-o-the-wisps
  9 moths of wrath
  A cyclops (shapeshifter) (Depths:4)
  4 apis skeletons (Crypt:1)
  A human skeleton (Vaults:4)
  A guardian serpent (shapeshifter) (Vaults:5)
  A spectral ettin (Orc:2)
  16 elephants
  A shock serpent zombie (Crypt:1)
  A rust devil (D:15)
  9 guardian serpents
  A stone giant skeleton (Depths:1)
  3 frost giant skeletons
  An apocalypse crab (Abyss:4)
  An orange demon (Abyss:4)
  23 vault sentinels
  A smoke demon (Depths:4)
  13 naga magi
  A torpor snail (shapeshifter) (D:15)
  32 black mambas
  9 cane toads
  4 large abominations (Abyss:4)
  2 gargoyles (D:14)
  A hellion (Depths:2)
  42 yaktaurs
  A demonic crawler (Abyss:4)
  4 unseen horrors
  9 komodo dragons
  A hellwing (Abyss:4)
  4 swamp worm zombies (Swamp:4)
  An efreet (Depths:4)
  3 rime drakes
  An ice devil (D:11)
  2 kobold demonologists (D:11)
  4 tengu conjurers
  2 red devils (Depths:3)
  2 freezing wraiths (Crypt:1)
  2 ancient zymes (Abyss:3)
  A rime drake (shapeshifter) (Elf:1)
  4 trolls
  2 polar bears
  4 hydra zombies (Swamp:4)
  6 meliai
  A queen bee (shapeshifter) (D:13)
  A tarantella (Vaults:1)
  2 tengu simulacra
  17 hornets
  A hornet (shapeshifter) (Depths:3)
  Prince Ribbit (D:8)
  A bloated husk (Swamp:4)
  6 tyrant leeches
  5 alligator zombies (Swamp:4)
  A raiju (Abyss:4)
  A sphinx simulacrum (Vaults:4)
  44 slime creatures
  24 blink frogs
  A fire dragon zombie (Crypt:1)
  A spriggan skeleton (Depths:1)
  An elf skeleton (Vaults:4)
  2 small abominations
  A spriggan (shapeshifter) (D:13)
  3 air elementals
  15 spriggans
  9 wraiths
  A shadow (D:10)
  3 ynoxinuls (Abyss:4)
  4 wyverns
  A centaur simulacrum (D:10)
  A vampire (D:13)
  7 water elementals
  2 basilisks
  5 fire elementals
  71 yaks
  Eustachio (D:5)
  3 hogs (D:12)
  7 chaos spawn
  2 ettin skeletons (Vaults:4)
  A fire bat (shapeshifter) (Depths:3)
  A steam dragon (D:9)
  A golden eye (shapeshifter) (Elf:1)
  A redback (Vaults:1)
  14 vampire mosquitoes
  A wind drake skeleton (Crypt:2)
  4 neqoxecs
  Menkaure (D:4)
  14 swamp worms
  A two-headed ogre zombie (Crypt:1)
  7 wargs
  An acid dragon (D:12)
  57 nagas
  A spectral troll (Orc:2)
  13 water moccasins
  2 hell hounds (D:15)
  Duvessa (D:5)
  7 swamp drakes
  A meliai simulacrum (D:10)
  2 glowing shapeshifter skeletons
  2 ice beasts (D:10)
  An ice beast (shapeshifter) (Depths:2)
  2 floating eyes
  A sky beast (Abyss:4)
  3 swamp dragon zombies (Swamp:4)
  31 orc warriors
  A black bear (D:4)
  2 boggarts (shapeshifter)
  7 ogres
  6 boggarts
  10 wolves
  An eye of devastation zombie (Crypt:2)
  9 phantoms
  9 centaurs
  4 kobold brigands
  Blork the orc (D:5)
  10 bullfrogs
  A vine stalker zombie (Crypt:1)
  2 necrophages
  2 earth elementals
  A salamander skeleton (Crypt:2)
  5 gnoll sergeants
  3 scorpions
  A wyvern zombie (Crypt:2)
  4 wights (D:8)
  Dowan (D:5)
  6 killer bees (D:9)
  10 howler monkeys
  3 electric eels (Lair:5)
  4 hounds
  6 starcursed masses (Abyss:4)
  8 gnoll boudas
  13 jellies
  20 orc priests
  Ijyb (D:5)
  A warg simulacrum (Orc:2)
  3 iguanas
  19 orc wizards
  3 spectral orcs (Orc:2)
  11 hell rats (Lair:5)
  Natasha (thrice) (D:3)
  3 spectral swamp drakes (Swamp:4)
  A deep dwarf zombie (Crypt:1)
  A naga zombie (Crypt:1)
  Robin (D:2)
  39 gnolls
  3 adders
  2 swamp drake zombies (Swamp:4)
  A howler monkey skeleton (Crypt:1)
  A shadow imp (D:5)
  A swamp drake skeleton (Crypt:1)
  4 white imps
  2 ufetubi (D:4)
  An orc simulacrum (Orc:2)
  4 dart slugs
  56 orcs
  3 bats
  6 endoplasms
  5 giant cockroaches
  11 goblins
  15 hobgoblins
  6 jackals
  3 quokkas
  10 ball pythons
  6 frilled lizards
  11 kobolds
  2 quokka zombies
  7 rats
  6 briar patches (Swamp:4)
  8 pillars of salt
2081 creatures vanquished.

Vanquished Creatures (collateral kills)
  Sojobo (Vaults:4)
  Rupert (D:13)
  A stone giant (Vaults:5)
  A hornet (Depths:4)
4 creatures vanquished.

Vanquished Creatures (others)
  2 ghost crabs (Swamp:4)
  A thrashing horror (Abyss:3)
  A sixfirhy (Abyss:4)
  A bog body (Lair:2)
  A deep elf pyromancer (Elf:1)
  A large abomination (Zot:5)
  5 bloated husks
  A raiju (Abyss:4)
  A swamp drake (Swamp:3)
  A black bear (Lair:2)
  2 phantoms (Swamp:4)
  A necrophage (D:8)
  A small abomination (Abyss:4)
  A spectral orc (Orc:2)
  22 foxfires (Swamp:4)
  52 fungi
  A lurking horror (Abyss:4)
  16 pillars of salt
  141 plants
  3 toadstools (Depths:4)
255 creatures vanquished.

Grand Total: 2340 creatures vanquished

Notes
Turn   | Place    | Note
-------+----------+-------------------------------------------
     0 | D:1      | nightchill the Minotaur Fighter began the quest for the
                  | Orb.
     0 | D:1      | Reached XP level 1. HP: 19/19 MP: 0/0
   240 | D:1      | Reached XP level 2. HP: 23/27 MP: 1/1
   486 | D:1      | Found a faded altar of an unknown god.
   541 | D:1      | Reached skill level 4 in Fighting
   866 | D:1      | Reached XP level 3. HP: 33/33 MP: 2/2
  1917 | D:2      | Noticed Robin
  1927 | D:2      | Killed Robin
  1928 | D:2      | Reached XP level 4. HP: 36/41 MP: 3/3
  2245 | D:3      | Noticed Natasha
  2256 | D:3      | Killed Natasha
  2257 | D:3      | Reached skill level 5 in Axes
  2512 | D:3      | Noticed an ogre
  2731 | D:3      | Reached XP level 5. HP: 44/47 MP: 4/4
  2735 | D:3      | Reached skill level 5 in Fighting
  3026 | D:3      | Noticed Natasha
  3044 | D:3      | Killed Natasha
  3308 | D:3      | Noticed Natasha
  3314 | D:3      | Killed Natasha
  3419 | D:4      | Reached XP level 6. HP: 53/56 MP: 5/5
  3521 | D:4      | Noticed Menkaure
  3648 | D:4      | Killed Menkaure
  3649 | D:4      | Reached skill level 6 in Fighting
  3837 | D:4      | Reached XP level 7. HP: 58/64 MP: 6/6
  3968 | D:4      | Found an ancient bone altar of Kikubaaqudgha.
  4300 | D:4      | Identified the +7 battleaxe of the Moon {spect, rCorr}
  4534 | D:4      | Found a burning altar of Makhleb.
  4805 | D:5      | Entered Level 5 of the Dungeon
  4838 | D:5      | Noticed Eustachio
  4857 | D:5      | Killed Eustachio
  4858 | D:5      | Reached skill level 7 in Fighting
  5064 | D:5      | Noticed Duvessa
  5107 | D:5      | Killed Duvessa
  5108 | D:5      | Reached XP level 8. HP: 67/73 MP: 7/7
  5134 | D:5      | Noticed Dowan
  5157 | D:5      | Killed Dowan
  5271 | D:5      | Found Mijalomp's Distillery.
  5301 | D:5      | Noticed Blork the orc
  5306 | D:5      | Noticed Ijyb
  5311 | D:5      | Killed Blork the orc
  5342 | D:5      | Killed Ijyb
  5343 | D:5      | Reached skill level 10 in Axes
  6341 | D:6      | Reached skill level 8 in Fighting
  6406 | D:6      | Found a staircase to the Ecumenical Temple.
  6415 | Temple   | Entered the Ecumenical Temple
  6585 | Temple   | Became a worshipper of Zin the Law-Giver
  6585 | Temple   | Reached * piety under Zin
  7071 | D:5      | Reached skill level 1 in Invocations
  7254 | D:6      | Found a hide-covered altar of Uskayaw.
  7323 | D:6      | Found a shadowy altar of Dithmenos.
  7460 | D:7      | Noticed a two-headed ogre
  7476 | D:7      | Killed a two-headed ogre
  7477 | D:7      | Reached skill level 9 in Fighting
  7477 | D:7      | Reached XP level 9. HP: 75/83 MP: 7/9
  7622 | D:7      | Found a white marble altar of Elyvilon.
  7700 | D:7      | Reached ** piety under Zin
  8360 | D:8      | Noticed Prince Ribbit
  8362 | D:8      | Noticed a two-headed ogre
  8900 | D:8      | Killed a two-headed ogre
  8901 | D:8      | Reached skill level 10 in Fighting
  8901 | D:8      | Reached XP level 10. HP: 60/93 MP: 10/12
  9090 | D:8      | Killed Prince Ribbit
  9227 | D:8      | Identified the amulet "Omiunyept" {Spirit Stlth+}
  9839 | D:9      | Found a staircase to the Lair.
  9994 | D:9      | Found a blossoming altar of Fedhas.
  9998 | D:9      | Reached skill level 5 in Invocations
 10102 | D:9      | Found a radiant altar of Vehumet.
 10131 | D:9      | Found a staircase to the Orcish Mines.
 10794 | D:9      | Found Iqeuhoh's Magic Scroll Boutique.
 10892 | D:9      | Found Fafioly's Armour Shoppe.
 10976 | D:9      | Found a sparkling altar of Nemelex Xobeh.
 10994 | D:9      | Noticed a two-headed ogre
 11007 | D:9      | Killed a two-headed ogre
 11008 | D:9      | Reached skill level 11 in Fighting
 11185 | D:9      | Reached *** piety under Zin
 11193 | D:9      | Found a stormy altar of Qazlal.
 11253 | D:9      | Reached skill level 15 in Axes
 11488 | D:9      | Found Iroh's Weapon Emporium.
 11496 | D:9      | Found Ytroun's General Store.
 11718 | D:9      | Found Lew Omuo's Antique Armour Boutique.
 12016 | Lair:1   | Entered Level 1 of the Lair of Beasts
 12016 | Lair:1   | Noticed a four-headed hydra
 12022 | D:9      | Reached XP level 11. HP: 102/102 MP: 14/14
 12038 | D:9      | Killed a four-headed hydra
 12369 | Lair:1   | Noticed a catoblepas
 12388 | Lair:1   | Killed a catoblepas
 13024 | Lair:1   | Reached skill level 12 in Fighting
 13695 | Lair:1   | Identified the +5 chain mail of Hysteria {+Inv rF+ Stlth+}
 13912 | Lair:2   | Found a staircase to the Snake Pit.
 13927 | Lair:2   | Reached skill level 5 in Armour
 13927 | Lair:2   | Reached skill level 5 in Shields
 14395 | Lair:2   | Found a staircase to the Swamp.
 14395 | Lair:2   | Noticed a bog body
 14418 | Lair:2   | Killed a bog body
 14550 | Lair:2   | Reached XP level 12. HP: 113/113 MP: 17/17
 14588 | Lair:2   | Reached **** piety under Zin
 15321 | Lair:2   | Reached skill level 13 in Fighting
 15464 | Lair:3   | Found the +3 crown of Dyrovepreva {rElec Int+2 SInv}
 15744 | Lair:3   | Reached skill level 10 in Invocations
 17050 | Lair:4   | Reached XP level 13. HP: 120/123 MP: 20/20
 17360 | Lair:3   | Reached skill level 1 in Evocations
 17889 | Lair:4   | Noticed an azure jelly
 18236 | Orc:1    | Entered Level 1 of the Orcish Mines
 18247 | Orc:1    | Reached skill level 14 in Fighting
 18573 | Orc:1    | Reached ***** piety under Zin
 18791 | Orc:2    | Entered Level 2 of the Orcish Mines
 19408 | Orc:2    | Noticed an orc warlord
 20585 | Orc:2    | Killed an orc warlord
 20699 | Orc:2    | Found a runed translucent gate.
 20699 | Orc:2    | Found a runed translucent gate.
 20699 | Orc:2    | Found a runed translucent gate.
 20703 | Orc:2    | Noticed Sapher's ghost (journeyman TrIE)
 21109 | Orc:2    | Found a shimmering blue altar of Sif Muna.
 21189 | Orc:2    | Found a staircase to the Elven Halls.
 21660 | Orc:2    | Found Rityle's Antique Weapon Shop.
 21662 | Orc:2    | Found Bits's Book Shop.
 21730 | Orc:2    | Found Lyfoymp's Antique Armour Shop.
 21751 | Orc:2    | Found Xofo's General Store.
 21958 | Orc:2    | Reached ****** piety under Zin
 21964 | Orc:2    | Killed Sapher's ghost
 22190 | D:9      | Bought the +4 broad axe "Lios" {freeze, Will+ Int+3 SInv}
                  | for 603 gold pieces
 22194 | D:10     | Entered Level 10 of the Dungeon
 22714 | D:10     | Found Nofucod's Distillery.
 22846 | D:10     | Found Gurr's Armour Shoppe.
 23044 | D:10     | Found Reec's Weapon Emporium.
 23728 | Lair:4   | Killed an azure jelly
 23729 | Lair:4   | Reached skill level 10 in Armour
 24130 | D:11     | Reached XP level 14. HP: 133/133 MP: 22/22
 25120 | D:12     | Reached skill level 15 in Fighting
 25213 | D:12     | Noticed Nergalle
 25230 | D:12     | Killed Nergalle
 25628 | D:12     | Noticed Kirke
 25717 | D:12     | Noticed a sphinx
 25725 | D:12     | Killed Kirke
 25726 | D:12     | Reached skill level 5 in Evocations
 26512 | D:13     | Noticed Rupert
 26543 | D:13     | Killed Rupert
 28629 | D:14     | Found a gate to the Vaults.
 28832 | D:15     | Entered Level 15 of the Dungeon
 29032 | D:15     | Noticed Azrael
 29232 | D:15     | Noticed Josephine
 29828 | Lair:5   | Entered Level 5 of the Lair of Beasts
 30180 | Lair:5   | Reached XP level 15. HP: 89/143 MP: 25/25
 30376 | Lair:5   | Found a staircase to the Slime Pits.
 30792 | Lair:4   | Reached skill level 16 in Fighting
 31161 | Lair:5   | Reached skill level 15 in Invocations
 31356 | Lair:5   | Found a viscous altar of Jiyva.
 31746 | Lair:5   | Reached skill level 1 in Dodging
 32389 | Lair:5   | Identified the +8 war axe "Wehomogg" {drain, rF+ Str-5
                  | Dex+4}
 32628 | Snake:1  | Entered Level 1 of the Snake Pit
 33689 | Snake:1  | Noticed a nagaraja
 35606 | Lair:2   | Killed a nagaraja
 36015 | Snake:1  | Reached skill level 10 in Shields
 37524 | Snake:2  | Reached skill level 17 in Fighting
 37603 | Snake:2  | Found Tozxepp's Book Shoppe.
 37654 | Snake:2  | Noticed a nagaraja
 38044 | Snake:2  | Killed a nagaraja
 38109 | Snake:2  | Found a shimmering altar of Xom.
 38692 | Snake:1  | Reached XP level 16. HP: 107/155 MP: 26/26
 41537 | Snake:3  | HP: 7/157 [poisoned by a naga ritualist (toxic radiance)]
 42100 | Snake:3  | Found Hemoum's Gadget Gallery.
 42114 | Snake:3  | Bought a tin of tremorstones (2/2) for 520 gold pieces
 43464 | Swamp:1  | Entered Level 1 of the Swamp
 43477 | Lair:2   | Reached skill level 18 in Fighting
 44398 | Lair:2   | Paralysed by a hornet for 2 turns
 45756 | Swamp:1  | Reached skill level 10 in Evocations
 46222 | Swamp:1  | Found a runed translucent door.
 46224 | Swamp:1  | Identified the +8 trident of Iceucus {venom, Will+ Dex+4
                  | Stlth+}
 46224 | Swamp:1  | Noticed Ychix's ghost (journeyman GnSk)
 46360 | Swamp:2  | Noticed Mlioglotl
 46386 | Swamp:2  | Noticed Nikola
 46653 | Snake:4  | Entered Level 4 of the Snake Pit
 46869 | Snake:4  | Reached skill level 15 in Shields
 46882 | Snake:4  | Reached XP level 17. HP: 110/166 MP: 27/27
 47986 | Snake:4  | Noticed Vashnia
 48115 | Snake:4  | Killed Vashnia
 50747 | Snake:4  | Reached skill level 19 in Fighting
 52147 | Snake:4  | Identified the +4 pair of gloves "Papih" {Harm Will-
                  | Regen+}
 52199 | Snake:4  | Got a serpentine rune of Zot
 52709 | Swamp:1  | Noticed a dread lich
 52712 | Swamp:1  | Killed Mlioglotl
 52716 | Swamp:1  | Killed Nikola
 53499 | Swamp:2  | Noticed Jorgrun
 53518 | Swamp:2  | Killed Jorgrun
 54432 | Swamp:3  | Identified the +5 chain mail of the Poles {Will+ Str+3}
 54991 | Swamp:3  | Noticed Louise
 55008 | Swamp:3  | Killed Louise
 55326 | Swamp:4  | Entered Level 4 of the Swamp
 55621 | Swamp:4  | Reached XP level 18. HP: 176/176 MP: 27/29
 55646 | Swamp:4  | Noticed Mara
 56236 | Swamp:4  | Reached XP level 19. HP: 168/184 MP: 30/30
 56697 | Swamp:4  | Killed Mara
 57895 | Swamp:4  | Noticed a bone dragon
 58092 | Swamp:4  | Killed a bone dragon
 58112 | Swamp:4  | Reached skill level 20 in Fighting
 58350 | Swamp:4  | Got a decaying rune of Zot
 59029 | Orc:2    | Bought a +0 vorpal broad axe for 120 gold pieces
 59408 | D:9      | Bought a scroll of brand weapon for 95 gold pieces
 59466 | D:9      | Bought a potion of haste for 120 gold pieces
 59466 | D:9      | Bought a scroll of summoning for 114 gold pieces
 59466 | D:9      | Bought a potion of might for 48 gold pieces
 59640 | Snake:3  | Bought a phial of floods for 520 gold pieces
 59911 | D:14     | Killed Josephine
 61557 | D:15     | Found a staircase to the Depths.
 61820 | D:15     | Killed Azrael
 62002 | Depths:1 | Entered Level 1 of the Depths
 62235 | Depths:1 | Noticed a juggernaut
 62561 | Depths:1 | Found a gateway to Hell.
 62975 | Depths:1 | Found a one-way gate leading to the halls of Pandemonium.
 62975 | Depths:1 | Found Coecwoisaa's General Store.
 62977 | Depths:1 | Found Quagant's Magic Scroll Shoppe.
 62977 | Depths:1 | Found Letanie's Armour Emporium.
 62982 | Depths:1 | Found Tagaesh's Antique Weapon Emporium.
 63086 | Depths:1 | Bought a scroll of blinking for 90 gold pieces
 63086 | Depths:1 | Bought a scroll of teleportation for 36 gold pieces
 63086 | Depths:1 | Bought a scroll of teleportation for 36 gold pieces
 63086 | Depths:1 | Bought a scroll of teleportation for 36 gold pieces
 63086 | Depths:1 | Bought a scroll of blinking for 90 gold pieces
 63234 | Depths:1 | Found Puovizor's Neck Hole.
 64794 | Depths:1 | Reached skill level 21 in Fighting
 65009 | Depths:1 | Killed a juggernaut
 66774 | Depths:2 | Found Dimuet's General Store.
 67095 | Depths:2 | Reached XP level 20. HP: 198/198 MP: 32/32
 68688 | Depths:2 | Found a glowing golden altar of the Shining One.
 71231 | Depths:3 | Found a one-way gate to the infinite horrors of the Abyss.
 72029 | Depths:2 | Noticed a juggernaut
 72293 | Depths:2 | Killed a juggernaut
 73023 | Depths:3 | Noticed a caustic shrike
 73023 | Depths:3 | a quicksilver dragon changed into a caustic shrike
 73028 | Depths:3 | a caustic shrike changed into an iron giant
 73616 | Depths:3 | Reached skill level 22 in Fighting
 73775 | Depths:3 | Identified the +10 dagger of a treasure trove {speed, rElec
                  | Str+4 Dex+3 Stlth+}
 73912 | Depths:4 | Entered Level 4 of the Depths
 73912 | Depths:4 | Found a one-way gateway to a ziggurat.
 73914 | Depths:4 | Paralysed by a floating eye for 4 turns
 74000 | Depths:4 | Noticed a juggernaut
 74020 | Depths:4 | Killed a juggernaut
 74177 | Depths:3 | Paralysed by a hornet for 1 turns
 76161 | Vaults:1 | Entered Level 1 of the Vaults
 76859 | Vaults:1 | Reached XP level 21. HP: 195/209 MP: 33/33
 77040 | Abyss:3  | Cast into level 3 of the Abyss (a wizard)
 77842 | Vaults:1 | Escaped the Abyss
 78044 | Vaults:1 | Noticed Aizul
 78213 | Vaults:1 | Found Pueclaom's Book Shoppe.
 78322 | Vaults:1 | Killed Aizul
 78747 | Vaults:1 | Reached skill level 15 in Evocations
 79902 | Vaults:2 | Found Taodios's Antique Weapon Emporium.
 80432 | Vaults:2 | Reached skill level 23 in Fighting
 81392 | Vaults:2 | Found a staircase to the Crypt.
 81392 | Vaults:2 | Found a basalt altar of Yredelemnul.
 81393 | Vaults:2 | Found an ancient bone altar of Kikubaaqudgha.
 83616 | Vaults:3 | You fall into a shaft and drop 1 floor!
 83728 | Vaults:4 | Noticed Sojobo
 83745 | Vaults:4 | Reached XP level 22. HP: 138/220 MP: 35/35
 83750 | Vaults:4 | Killed Sojobo
 87240 | Vaults:4 | Found Coddingikludgh's Antique Weapon Shoppe.
 88961 | Depths:4 | Noticed a golden dragon
 88985 | Depths:4 | Killed a golden dragon
 88986 | Depths:4 | Reached skill level 24 in Fighting
 89298 | Depths:4 | Found a gate to the Realm of Zot.
 89695 | Depths:4 | Paralysed by a floating eye for 2 turns
 89716 | Depths:4 | Found a glowing silver altar of Zin.
 89717 | Depths:4 | Found a runed translucent door.
 89743 | Depths:4 | Noticed a juggernaut
 89761 | Depths:4 | Killed a juggernaut
 90098 | Depths:4 | Paralysed by a floating eye for 4 turns
 90104 | Depths:4 | Paralysed by a floating eye for 3 turns
 90111 | Depths:4 | Paralysed by a floating eye for 4 turns
 90117 | Depths:4 | Paralysed by a floating eye for 3 turns
 90911 | Depths:1 | Bought a scroll of enchant armour for 90 gold pieces
 91231 | Elf:1    | Entered Level 1 of the Elven Halls
 92183 | Elf:1    | Got Ynkanifi's Atlas of Combat Magic
 92637 | Elf:2    | Paralysed by an air elemental for 1 turns
 92641 | Elf:2    | Paralysed by an air elemental for 1 turns
 92706 | Elf:2    | Paralysed by an air elemental for 1 turns
 92797 | Elf:2    | Found Gourr's Antique Armour Boutique.
 92809 | Elf:2    | Found Yti Zaek's General Store.
 93007 | Elf:2    | Found Tiasuc's Distillery.
 93013 | Elf:2    | Bought a potion of heal wounds for 60 gold pieces
 93013 | Elf:2    | Bought a potion of curing for 36 gold pieces
 93032 | Elf:2    | Reached XP level 23. HP: 228/229 MP: 12/37
 93108 | Elf:2    | Found Kabaelof's Weapon Shop.
 93219 | Elf:2    | Found a runed translucent gate.
 93220 | Elf:2    | Found a runed translucent gate.
 93220 | Elf:2    | Found a runed translucent gate.
 94124 | Elf:3    | Entered Level 3 of the Elven Halls
 95359 | Elf:3    | Identified the +1 leather armour of Protective Custody
                  | {rPois rF- Dex+3}
 95541 | Elf:3    | Identified the ring "Ampool" {rF+ Str+6 Int-5 Dex+2 SInv}
 95923 | Elf:3    | Paralysed by an air elemental for 1 turns
 96486 | Elf:3    | Identified the +2 long sword "Leil" {antimagic, Str+5}
 96505 | Elf:3    | Identified the +2 long sword of the Traitor {elec, rPois
                  | rF++}
 96552 | Elf:3    | Got the Papyrus of Destructive Dark Arts
 96555 | Elf:3    | Got Tiloan's Anthology of Hexes
 96564 | Elf:3    | Identified the +3 shortbow "Erem" {vorpal, Str+3}
 96758 | Elf:2    | Bought a scroll of vulnerability for 52 gold pieces
 96758 | Elf:2    | Bought a scroll of enchant weapon for 97 gold pieces
 96758 | Elf:2    | Bought a scroll of teleportation for 39 gold pieces
 96758 | Elf:2    | Bought a scroll of fog for 52 gold pieces
 96776 | Elf:2    | Bought a potion of mutation for 96 gold pieces
 96776 | Elf:2    | Bought a potion of might for 48 gold pieces
 97138 | Crypt:1  | Entered Level 1 of the Crypt
 97591 | Crypt:1  | Found a transporter.
 97597 | Crypt:1  | Found a radiant altar of Vehumet.
 98083 | Crypt:1  | Found a basalt altar of Yredelemnul.
 99117 | D:9      | Bought a scroll of magic mapping for 75 gold pieces
 99117 | D:9      | Bought a scroll of teleportation for 30 gold pieces
 99117 | D:9      | Bought a scroll of enchant weapon for 75 gold pieces
 99172 | D:9      | Bought a scroll of noise for 12 gold pieces
 99172 | D:9      | Bought a scroll of summoning for 114 gold pieces
 99172 | D:9      | Bought a scroll of enchant weapon for 90 gold pieces
 99172 | D:9      | Bought a wand of digging (4) for 201 gold pieces
 99381 | Vaults:1 | Noticed a juggernaut
 99381 | Vaults:1 | a rockslime changed into a juggernaut
 99386 | Vaults:1 | a juggernaut changed into a titan
 99991 | Crypt:2  | Reached skill level 25 in Fighting
100013 | Crypt:2  | Noticed a royal mummy
100015 | Crypt:2  | Noticed a royal mummy
100768 | Vaults:5 | Entered Level 5 of the Vaults
101100 | Vaults:4 | Reached XP level 24. HP: 192/243 MP: 37/37
101103 | Vaults:4 | Reached skill level 15 in Armour
101405 | Vaults:5 | Noticed Margery
101520 | Vaults:5 | Killed Margery
103606 | Vaults:5 | Found Qeskaatz's Jewellery Shop.
103613 | Vaults:5 | Identified the +5 plate armour of Onkoz {Rampage}
103718 | Vaults:5 | Identified the ring "Neaseos" {Fly rElec Str+5 Int-3 SInv}
104418 | Vaults:5 | Got a silver rune of Zot
105568 | Depths:1 | Bought a scroll of magic mapping for 157 gold pieces
105568 | Depths:1 | Bought a scroll of teleportation for 63 gold pieces
105568 | Depths:1 | Bought a potion of curing for 63 gold pieces
105783 | D:10     | Bought a potion of curing for 42 gold pieces
105783 | D:10     | Bought a potion of heal wounds for 70 gold pieces
105783 | D:10     | Bought a potion of curing for 42 gold pieces
105783 | D:10     | Bought a potion of heal wounds for 70 gold pieces
106193 | D:5      | Bought a potion of curing for 42 gold pieces
106193 | D:5      | Bought a potion of cancellation for 112 gold pieces
106193 | D:5      | Bought 2 potions of haste for 280 gold pieces
106193 | D:5      | Bought a potion of curing for 42 gold pieces
106193 | D:5      | Bought a potion of haste for 140 gold pieces
106193 | D:5      | Bought a potion of might for 56 gold pieces
106418 | Orc:2    | Bought a scroll of fear for 60 gold pieces
107103 | Vaults:1 | Noticed a juggernaut
107103 | Vaults:1 | a titan changed into a juggernaut
107122 | Vaults:1 | a juggernaut changed into a caustic shrike
107439 | Depths:2 | Bought a potion of curing for 48 gold pieces
107439 | Depths:2 | Bought a wand of roots (5) for 192 gold pieces
107530 | Zot:1    | Entered Level 1 of the Realm of Zot
107740 | Zot:2    | Reached skill level 26 in Fighting
108621 | Zot:5    | Entered Level 5 of the Realm of Zot
108957 | Zot:5    | Noticed an orb of fire
109318 | Zot:4    | Gained mutation: You occasionally lose the ability to read
                  | scrolls when taking damage. [an orb of fire]
109325 | Zot:4    | Killed an orb of fire
110595 | Zot:5    | Reached XP level 25. HP: 215/253 MP: 38/38
110923 | Zot:5    | Noticed a dread lich
111048 | Zot:5    | Killed a dread lich
111092 | Zot:5    | Noticed a Killer Klown
111126 | Zot:5    | Killed a Killer Klown
111258 | Zot:5    | Noticed a Killer Klown
111269 | Zot:5    | Killed a Killer Klown
111372 | Zot:5    | Lost mutation: You occasionally lose the ability to read
                  | scrolls when taking damage. [potion of mutation]
111510 | Zot:5    | Noticed an orb of fire
111564 | Zot:5    | Killed an orb of fire
112095 | Zot:5    | Noticed a Killer Klown
112096 | Zot:5    | Noticed a dread lich
112113 | Zot:5    | Noticed an ancient lich
112131 | Zot:5    | Killed a dread lich
112131 | Zot:5    | Noticed a Killer Klown
112142 | Zot:5    | Noticed a Killer Klown
112144 | Zot:5    | Killed an ancient lich
112595 | Zot:4    | Killed a Killer Klown
112895 | Zot:5    | Killed a Killer Klown
112913 | Zot:5    | Killed a Killer Klown
113245 | Zot:5    | Noticed a Killer Klown
113251 | Zot:5    | Noticed a Killer Klown
113256 | Zot:5    | Noticed an orb of fire
113308 | Zot:5    | Killed an orb of fire
113335 | Zot:5    | Killed a Killer Klown
113652 | Zot:5    | Noticed an orb of fire
113716 | Zot:5    | Noticed an orb of fire
113722 | Zot:5    | Killed an orb of fire
113747 | Zot:5    | Noticed a Killer Klown
113756 | Zot:5    | Gained mutation: You are dopey. (Int -2) [an orb of fire]
113760 | Zot:5    | Killed an orb of fire
113760 | Zot:5    | Noticed a Killer Klown
113761 | Zot:5    | Reached skill level 27 in Fighting
113793 | Zot:5    | Killed a Killer Klown
114006 | Zot:5    | Noticed a Killer Klown
114025 | Zot:5    | Killed a Killer Klown
114378 | Zot:5    | Killed a Killer Klown
114519 | Zot:5    | Identified the ring of Tempters {rN+ SInv}
114668 | Zot:5    | Got the Orb of Zot
114690 | Zot:5    | Paralysed by a Zot trap for 3 turns
114749 | Zot:4    | Noticed Tulu the pandemonium lord
115186 | D:15     | Noticed Xovoucas the pandemonium lord
115207 | D:15     | Killed Xovoucas the pandemonium lord
115293 | D:11     | Noticed Kyzi the pandemonium lord
115383 | D:7      | Gained mutation: You are clumsy. (Dex -2) [a neqoxec]
115403 | D:7      | Noticed Ytyadota the pandemonium lord
115582 | D:$      | Escaped with the Orb!

Illustrated notes

Levels and vault maps discovered:
D:1:      nzn_arrival_depleted_hourglass, layout_basic,
          dreamdust_ecumenical_altar_angels_and_demons, minmay_heptomino_h4
D:2:      layout_basic, minmay_tall_x, uniq_robin
D:3:      layout_rooms, uniq_natasha
D:4:      layout_basic, lemuel_round_altar, makhleb_heckhound_becter,
          uniq_menkaure
D:5:      layout_loops_ring, serial_shops,
          nicolae_shop_competitors_out_of_business, uniq_ijyb, uniq_duvessa,
          uniq_eustachio, uniq_blork_the_orc
D:6:      layout_cave_pools, mainiacjoe_overflow_catch_the_wave, temple_hall
D:7:      layout_rooms, elyvilon_altar_4
D:8:      layout_gridville, uniq_prince_ribbit1
D:9:      layout_cave_pools, fedhas_altar_1, kennysheep_mini_moat,
          overflow_temple_1_default, mainiacjoe_overflow_24_doors,
          lair_entry_dummy, david_orc_1_choice, serial_gnoll_camp,
          gnoll_camp_mini_basic, gnoll_camp_huts_basic, gnoll_camp_mini_hut,
          gnoll_camp_mini_hut, gnoll_camp_medium_01, gnoll_camp_mini_hut,
          serial_shops, nicolae_shop_advertising_works
          [nicolae_subvault_shop_adworks], nicolae_lakefront_shop, shop,
          nicolae_shop_temple_entry_statues_fountains, nicolae_stop_n_shop_2,
          minmay_between
D:10:     layout_grid_maze, serial_ice, serial_ice_o, serial_ice_d,
          serial_ice_a, serial_ice_e, serial_shops, nicolae_shop_crystal,
          nicolae_shop_crystal, nicolae_shop_behind_doors
D:11:     layout_loops_corners
D:12:     layout_roguey, gauntlet_entry_generic, uniq_kirke, uniq_nergalle
D:13:     layout_irregular_city, blue_anna_alchemist, uniq_rupert
D:14:     layout_roguey, david_vaults_1, minmay_tree_intersection
D:15:     gammafunk_enter_depths_forms, layout_basic, minmay_crystal_water,
          uniq_azrael, uniq_josephine
Temple:   nicolae_temple_figure_eight
Lair:1:   layout_roguey, beast_lair_carwin_4, lemuel_fruit_fields
Lair:2:   layout_roguey, skrybe_swamp_entry_bodies,
          minmay_snake_entry_guardpost_medium, forest_entry_grove
Lair:3:   layout_layer_cave, lemuel_fruit_fields
Lair:4:   layout_hall_layers, nicolae_lair_time_for_slime, grunt_megastairs_3
Lair:5:   evilmike_catoblepas_cave, layout_small_grid,
          minmay_slime_entry_pillars, serial_bayou, serial_bayou_lagoon_b,
          serial_bayou_ford_a, serial_bayou_pond_e, serial_bayou_pond_b,
          serial_bayou_lagoon_a
Swamp:1:  layout_basic_swamp, ebering_ghost_funeral_grove, nicolae_swamp_oxbows
Swamp:2:  layout_basic_swamp, serial_swamp_ruin, evilmike_swamp_ruin_house_1,
          evilmike_swamp_ruin_rubble_2, hangedman_swamp_ruin_wall, uniq_nikola,
          uniq_jorgrun, uniq_mlioglotl
Swamp:3:  layout_falls_marsh, evilmike_swamp_ruin_wall, swamp_pool5, uniq_louise
Swamp:4:  swamp_pestilence, layout_basic_swamp, infiniplex_staircase_pool,
          uniq_mara
Snake:1:  layout_cave_shapes
Snake:2:  cheibrodos_snake_lava_hold, layout_grid_maze, serial_shops, shop,
          basic_altar
Snake:3:  layout_gridlike, nicolae_shop_gadgets
Snake:4:  johnstein_snake_rune_scales, layout_misc_corridors, st_stairs_10,
          grunt_megastairs_2, lemuel_fruit_tree, uniq_vashnia
Orc:1:    layout_caves
Orc:2:    grunt_orc_cross, layout_diamond_mine, gammafunk_ghost_necromancy,
          led_sif_book
Elf:1:    eino_elf_arrival_the_gate, layout_onion_city, minmay_elf_sorcery
Elf:2:    nicolae_elf_blades_crystal_corner, layout_geoelf_grid, serial_shops,
          shop, shop, shop, nicolae_shop_trees
Elf:3:    minmay_elf_hall_curves, layout_geoelf_grid
Vaults:1: hangedman_vaults_snaps, v_misc_25, vaults_room_guarded_vault,
          vaults_room_fours, grunt_vaults_twisty, nicolae_vaults_specimen_jars,
          v_misc_14, ontoclasm_vaults_idyll, layout_vaults_quadrants,
          serial_shops, shop, uniq_aizul
Vaults:2: v_misc_32, nicolae_vaults_inception_network, vaults_dpeg_doors,
          vaults_mumra_hexcomb, nicolae_vaults_little_ls,
          hangedman_vaults_restitches, minmay_crypt_entry_necro_gods,
          ontoclasm_vaults_shuriken, v_rooms_2, hangedman_vaults_corner_blocks,
          dpeg_vaults_monster_row, nicolae_vaults_network_star,
          nicolae_vaults_circle_grid_b, layout_vaults_omnibox, serial_shops,
          nicolae_shop_hallway_stairs
Vaults:3: v_misc_13, v_misc_12, nicolae_vaults_mini_display_case,
          ontoclasm_vaults_water_temple, ontoclasm_vaults_decontamination,
          nicolae_vaults_big_angled_halls, v_misc_31, hangedman_vaults_capsules,
          v_misc_24, ontoclasm_vaults_loading_screen, v_misc_1, v_misc_24,
          v_misc_17, layout_vaults_big_room
Vaults:4: hangedman_vaults_variations, v_alt_pattern_4, v_misc_15,
          v_alt_pattern_6, vaults_room_door_ring, nicolae_vaults_asterisk,
          vaults_standard_mumra_enter_the_diamond, nicolae_vaults_shelves_hall,
          v_misc_22, nicolae_vaults_yaktaur_gun_rack,
          nicolae_vaults_border_crossing, nicolae_vaults_statue_guard,
          layout_vaults_ring, serial_shops, nicolae_shop_behind_doors,
          uniq_sojobo
Vaults:5: serial_shops, uniq_margery
Crypt:1:  gammafunk_sealed_library, layout_chaotic_city, serial_sigils,
          serial_sigils_hangedman_scratch, serial_sigils_hangedman_quiver,
          serial_sigils_hangedman_writhe, serial_sigils_hangedman_gut,
          hangedman_blasphemy
Crypt:2:  layout_chaotic_city, grunt_megastairs_5, uniq_khufu
Depths:1: hangedman_cross_veins, layout_basic, pan_entry,
          serial_sigils_hangedman_gut, grunt_mini_vestibule,
          nicolae_shop_sticking_my_neck_out, minmay_shoptagon,
          serial_bayou_shore_b
Depths:2: minmay_sliced_demisemicircle, layout_small_grid, tso_altar,
          hell_entry, serial_shops, nicolae_take_the_stairs,
          rand_demon_pan_entry_9, bh_walls_and_bars,
          minmay_staircase_windowed_small, serial_bayou_shore_a
Depths:3: hourglass_vault, layout_honeycomb, hangedman_tar_grid_catacomb,
          rand_demon_pan_entry_8, abyss_entry, serial_glass, glass_columns_b,
          glass_columns_a, kennysheep_generic_room_4, serial_bayou_shore_b,
          minmay_staircase_statues
Depths:4: grunt_zot_entry_gee_three, layout_gridville, enter_ziggurat_d,
          hellmouth_1, abyss_entry, minmay_gold_behind_fungi, lemuel_angel_altar
Zot:1:    layout_onion_interference, st_large_dragon_hoard_2
Zot:2:    layout_onion, st_stairs_4
Zot:3:    layout_cathedral_of_symmetry, grunt_ministairs_8, bh_zot_lava_cross,
          nicolae_transporter_intersection
Zot:4:    layout_onion_interference, hangedman_zot_decor_slant, uniq_josephina
Zot:5:    layout_basic, drop_trap, st_stairs_12

Skill      XL: |  1  2  3  4  5  6  7  8  9 10 11 12 13 14 15 16 17 18 19 20 21 22 23 24 25 |
---------------+----------------------------------------------------------------------------+-----
Axes           | 3 4 5 6 7 9 12 13 15 16 | 16.0
Fighting       | 4 5 6 7 9 10 11 12 13 14 15 17 18 19 21 22 23 24 25 26 27 | 27.0
Invocations    | 2 4 6 8 11 13 14 15 16 18 19 20 22 23 25 26 | 26.6
Armour         | 5 8 10 11 13 14 17 18 | 18.8
Shields        | 5 8 11 15 16 18 20 22 | 22.0
Evocations     | 4 6 8 10 11 13 14 15 | 15.0
Dodging        | 4 |  4.2

Action                   |  1- 3 |  4- 6 |  7- 9 | 10-12 | 13-15 | 16-18 | 19-21 | 22-24 | 25-27 || total
-------------------------+-------+-------+-------+-------+-------+-------+-------+-------+-------++-------
Melee: War axe           |     6 |       |    89 |    36 |       |       |    91 |   486 |   263 ||   971
       Dagger            |    99 |   110 |   225 |       |       |       |       |       |       ||   434
       Headbutt          |    14 |    24 |    47 |   145 |   261 |   260 |   635 |   629 |   184 ||  2199
       Hand axe          |       |       |       |   545 |   329 |       |       |       |       ||   874
       Morningstar       |       |       |       |     9 |    19 |    23 |       |     6 |       ||    57
       Broad axe         |       |       |       |       |   814 |  1042 |  1821 |  1356 |   339 ||  5372
Throw: Dart              |       |       |     1 |     1 |       |       |     3 |       |       ||     5
Invok: Recite            |       |       |    10 |    18 |    60 |    46 |    81 |   110 |    22 ||   347
       Vitalisation      |       |       |       |     5 |     9 |     4 |     4 |     5 |       ||    27
       Imprison          |       |       |       |       |     7 |     7 |    27 |     4 |    11 ||    56
       Sanctuary         |       |       |       |       |     4 |       |     5 |     3 |     1 ||    13
Evoke: Wand              |       |       |     3 |       |     5 |     4 |     5 |     1 |       ||    18
       Phantom mirror    |       |       |       |       |     2 |     3 |     3 |     1 |     1 ||    10
       Tin of tremorston |       |       |       |       |       |     4 |    11 |     5 |     2 ||    22
       Lightning rod     |       |       |       |       |       |       |     7 |       |       ||     7
       Phial of floods   |       |       |       |       |       |       |     3 |       |     1 ||     4
  Use: Scroll            |       |       |    10 |    13 |     8 |     3 |     9 |    32 |     5 ||    80
       Potion            |       |       |     2 |     1 |     8 |    10 |    14 |    10 |    11 ||    56
 Stab: Confused          |       |       |     2 |     2 |     8 |    13 |    25 |    63 |     9 ||   122
       Invisible         |       |       |       |     2 |    12 |     3 |     4 |     3 |       ||    24
       Paralysed         |       |       |       |       |    17 |       |       |    25 |       ||    42
       Distracted        |       |       |       |       |     1 |     1 |       |       |       ||     2
Armor: Scale mail        |    31 |     5 |       |       |       |       |       |       |       ||    36
       Chain mail        |       |    37 |   106 |   289 |   667 |   535 |  1121 |   312 |       ||  3067
       Gold dragon scale |       |       |       |       |       |       |       |   400 |   152 ||   552
Dodge: Dodged            |    51 |    72 |   186 |   195 |   343 |   284 |   505 |   306 |    43 ||  1985
Block: Buckler           |    22 |    16 |    59 |   123 |   416 |   158 |   110 |       |       ||   904
       Kite shield       |       |       |       |       |       |   372 |   861 |   264 |       ||  1497
       Tower shield      |       |       |       |       |       |       |       |  1671 |   578 ||  2249
